 Dungeon Crawl Stone Soup version 0.31-a0-188-g5e087ee2ca (webtiles) character file.

Game seed: 5289212152665042389

18 qw the Shooter (level 2, 0/16 HPs)
             Began as a Deep Elf Hunter on June 23, 2023.
             Slain by Eustachio
             ... wielding a +0 rapier
              (7 damage)
             ... on level 4 of the Dungeon.
             The game lasted 00:00:16 (833 turns).

qw the Shooter (Deep Elf Hunter)                     Turns: 833, Time: 00:00:17

Health: 0/16       AC:  3    Str:  8    XL:     2   Next: 48%
Magic:  4/4        EV: 12    Int: 13    God:
Gold:   18         SH:  0    Dex: 18    Spells: 1/1 levels left

rFire   . . .        Y - +0 shortbow
rCold   . . .        (shield currently unavailable)
rNeg    . . .        c - +0 leather armour
rPois   .            (no helmet)
rElec   .            (no cloak)
rCorr   .            (no gloves)
SInv    .            (no boots)
Will    .....        (no amulet)
Stlth   ++           (no ring)
HPRegen 0.22/turn    (no ring)
MPRegen 0.09/turn

%: no passive effects
@: no status effects
A: no striking features
a: no special abilities


You were on level 4 of the Dungeon.
You visited 1 branch of the dungeon, and saw 3 of its levels.

You collected 18 gold pieces.


   Skills:
 - Level 1.5 Fighting
 + Level 6.3 Ranged Weapons
 - Level 2.4 Dodging
 - Level 1.2 Stealth


You had one spell level left.
You didn't know any spells.
Your spell library was empty.

Inventory:

Hand Weapons
 Y - a +0 shortbow (weapon)
Armour
 c - a +0 leather armour (worn)
Scrolls
 a - a scroll of amnesia {unknown}
 b - a scroll of enchant armour {unknown}
Potions
 d - a potion of curing

Dungeon Overview and Level Annotations

Branches:
Dungeon (4/15)             Temple (0/1) D:4

Altars:

Annotations:
D:4 Eustachio


Message History

You shoot an arrow. The arrow closely misses the river rat.
The river rat bites you.
You shoot an arrow. The arrow hits the river rat!
The river rat is almost dead.
The river rat completely misses you.
You shoot an arrow.
The arrow hits the river rat but does no damage.
The river rat is almost dead.
The river rat closely misses you.
You shoot an arrow. The arrow closely misses the river rat.
The river rat bites you but does no damage.
Eustachio utters an oath, "I will die for my friends!"
You shoot an arrow.
The arrow hits the river rat but does no damage.
The river rat is almost dead.
The river rat closely misses you.
You shoot an arrow.
The arrow hits the river rat but does no damage.
The river rat is almost dead.
The river rat misses you.
You shoot an arrow. The arrow closely misses the river rat.
The river rat bites you.
The river rat bites you but does no damage.
You shoot an arrow.
The arrow hits the river rat but does no damage.
The river rat is almost dead.
The river rat completely misses you.
You shoot an arrow. The arrow hits the river rat.
You kill the river rat!
The river rat's corpse disappears in a puff of smoke!
You shoot an arrow.
The arrow hits Eustachio but does no damage.
Eustachio is lightly wounded.
Eustachio hits you with a +0 rapier!
You shoot an arrow. The arrow hits Eustachio.
Eustachio is lightly wounded.
Eustachio completely misses you.
You shoot an arrow. The arrow closely misses Eustachio.
Eustachio hits you with a +0 rapier!
You die...

######.######.###.##
#.............#
#..#####.###..#
########...# #.#
#..## ...<.......#
#.# #...#
...........# #.#
##..# #########.##
#.# #..# #.####..##
#..# #.>..@<..# #..#
#.####@#.# #..# #.#
.# #..# #.# .. ....
... ... ### .### .#
.#


You could see Eustachio.

Vanquished Creatures
  A dart slug (D:1)
  2 endoplasms (D:1)
  2 goblins (D:1)
  2 hobgoblins (D:1)
  3 kobolds (D:1)
  A ball python (D:2)
  2 bats (D:1)
  A frilled lizard (D:1)
  A rat (D:1)
15 creatures vanquished.

Notes
Turn   | Place    | Note
-------+----------+-------------------------------------------
     0 | D:1      | qw the Deep Elf Hunter began the quest for the Orb.
     0 | D:1      | Reached XP level 1. HP: 12/12 MP: 3/3
     0 | D:1      | 0 ||| qw: Version: 0.3-a-9-g12657ce
     0 | D:1      | 0 ||| qw: Game counter: 3870
     0 | D:1      | 0 ||| qw: Always use a shield: true
     0 | D:1      | 0 ||| qw: God list: Okawaru
     0 | D:1      | 0 ||| qw: Allow faded altars: false
     0 | D:1      | 0 ||| qw: Do Orc after D:15 true
     0 | D:1      | 0 ||| qw: Do second Lair branch before Depths: true
     0 | D:1      | 0 ||| qw: Lair rune preference: random
     0 | D:1      | 0 ||| qw: Plans: Normal
     0 | D:1      | 0 ||| PLANNING D:1-11
   213 | D:1      | 213 ||| FLEEEEING.
   219 | D:1      | 219 ||| FLEEEEING.
   220 | D:1      | 220 ||| FLEEEEING.
   234 | D:1      | Reached XP level 2. HP: 16/16 MP: 4/4
   280 | D:1      | Reached skill level 6 in Ranged Weapons
   663 | D:1      | 663 ||| READING scroll labelled BOCKAJ NOABU.
   664 | D:1      | 664 ||| READING scroll labelled AVVIOHOZEL.
   665 | D:1      | 665 ||| READING scroll labelled TUPRAO ANUOLEY.
   666 | D:1      | 666 ||| DRINKING 2 orange potions.
   667 | D:1      | 667 ||| DRINKING 2 fuming brown potions.
   708 | D:1      | 708 ||| DROPPING scroll of butterflies.
   709 | D:1      | 709 ||| DROPPING potion of lignification.
   771 | D:2      | You fall into a shaft and drop 2 floors!
   771 | D:4      | Found a staircase to the Ecumenical Temple.
   773 | D:4      | 773 ||| PLANNING OSSUARY
   813 | D:4      | Noticed Eustachio
   833 | D:4      | Slain by Eustachio

Levels and vault maps discovered:
D:1:      lemuel_arrival_lava_pool, layout_loops_ring
D:2:      layout_rooms, nicolae_ecumenical_snake_handling, uniq_natasha
D:4:      layout_loops_ring, grunt_temple_overflow_magic_moments,
          minmay_temple_entry_poolview, enter_ossuary_1, uniq_eustachio,
          uniq_duvessa

Skill      XL: |  1  2 |
---------------+-------+-----
Ranged Weapons | 6 |  6.3
Fighting       | |  1.5
Dodging        | |  2.4
Stealth        | |  1.2

Action                     || total
---------------------------++-------
   Fire: Shortbow          ||    56
    Use: Scroll            ||     3
         Potion            ||     2
 Armour: Leather armour    ||     7
  Dodge: Dodged            ||    15

Table legend:
 A = Non-vault XP
 B = Vault XP
 C = Vault XP percentage of total XP
 D = Non-vault monster count
 E = Vault monster count
 F = Vault count percentage of total count
                 A         B        C        D         E       F
            +---------+---------+-------+---------+---------+-------
      Total |      26 |       0 |   0.0 |      15 |       0 |   0.0
            +---------+---------+-------+---------+---------+-------
        D:1 |      25 |       0 |   0.0 |      14 |       0 |   0.0
        D:2 |       1 |       0 |   0.0 |       1 |       0 |   0.0
            +---------+---------+-------+---------+---------+-------
